 Dungeon Crawl Stone Soup version 0.28.0-43-g3370ac3207 (webtiles) character file.

Game seed: 11567950518187178261

139 issech the Cudgeller (level 5, -5/52 HPs)
             Began as a Troll Monk on Mar 29, 2022.
             Splashed by a jelly's acid (8 damage)
             ... on level 3 of the Dungeon.
             The game lasted 00:08:47 (2432 turns).

issech the Cudgeller (Troll Monk)                   Turns: 2432, Time: 00:08:47

Health: -5/52      AC:  0    Str: 19    XL:     5   Next: 1%
Magic:  4/4        EV: 11    Int:  6    God:
Gold:   153        SH:  0    Dex: 14    Spells: 4/4 levels left

rFire   . . .      SeeInvis .   a - +0 mace
rCold   . . .      Faith    .   (no shield)
rNeg    . . .      Spirit   .   b - +0 robe
rPois   .          Reflect  .   (helmet restricted)
rElec   .          Harm     .   (no cloak)
rCorr   .          Rampage  .   (gloves unavailable)
Will    .....                   (boots unavailable)
Stlth   ++........              (no amulet)
HPRegen 0.97/turn               (no ring)
MPRegen 0.09/turn               (no ring)

@: corroded
A: large, unfitting armour, claws 3, regeneration 1, shaggy fur 1, tough skin 1
a: no special abilities


You were on level 3 of the Dungeon.
You visited 1 branch of the dungeon, and saw 4 of its levels.

You collected 153 gold pieces.

Inventory:

Hand Weapons
 a - a +0 mace (weapon)
 l - a +0 hand axe of freezing
Missiles
 d - 64 stones (quivered)
 e - 43 arrows
 h - 45 sling bullets
 o - 6 poisoned darts
 r - 17 bolts
Armour
 b - a +0 robe (worn)
Wands
 n - a wand of acid (6)
Scrolls
 f - 4 scrolls of identify {unknown}
 g - 2 scrolls of noise {unknown}
 k - a scroll of magic mapping {unknown}
 m - a scroll of immolation {unknown}
 p - a scroll of amnesia {unknown}
 q - a scroll of blinking {unknown}
 s - a scroll of teleportation {unknown}
Potions
 c - a potion of curing {unknown}
 i - a potion of ambrosia {unknown}
 j - a potion of might {unknown}


   Skills:
 + Level 2.9 Fighting
 + Level 4.0 Maces & Flails
 + Level 3.4 Dodging
 + Level 1.2 Stealth


You had 4 spell levels left.
You didn't know any spells.
Your spell library contained the following spells:

 Spells                   Type           Power      Damage    Failure   Level
 Sting                    Tmut/Pois      0%         1d3       45%         1
 Dazzling Flash           Conj/Hex       0%         N/A       83%         3
 Portal Projectile        Hex/Tloc       0%         N/A       83%         3
 Fulminant Prism          Conj/Hex       0%         3d6       99%         4


Dungeon Overview and Level Annotations

Branches:
Dungeon (4/15)
 Temple: D:4-7

Altars:

Annotations:
D:3 Menkaure


Innate Abilities, Weirdness & Mutations

You are too large for most types of armour.
You have claws for hands.
Your natural rate of healing is unusually fast.
You are covered in fur. (AC +1)
You have tough skin. (AC +1)


Message History

A dart slug comes into view.
The jelly jiggles.
There is a stone staircase leading up, spattered with blood here.
The jelly barely misses you.
You climb upwards.
Level annotation: Menkaure
There is a stone staircase leading down here.
The jelly hits you but does no damage.
You hit the jelly but do no damage.
Your claws burn!
The jelly is moderately wounded.
The jelly barely misses you.
You hit the jelly.
Your claws burn!
The jelly is moderately wounded.
The jelly hits you but does no damage.
You hit the jelly.
Your claws burn!
The jelly is heavily wounded.
The jelly barely misses you. The jelly misses you.
You hit the jelly.
Your claws burn!
The jelly is heavily wounded.
The jelly hits you but does no damage.
You hit the jelly.
Your claws burn!
The jelly is severely wounded.
The jelly hits you.
You are splashed with acid!
You hit the jelly. The acid corrodes you!
Your claws burn!
The jelly is severely wounded.
The jelly closely misses you.
You barely miss the jelly.
The jelly is severely wounded.
The jelly hits you.
You are splashed with acid!
You hit the jelly but do no damage.
Your claws burn!
* * * LOW HITPOINT WARNING * * *
The jelly is severely wounded.
The jelly hits you.
* * * LOW HITPOINT WARNING * * *
You are splashed with acid!
* * * LOW HITPOINT WARNING * * *
The jelly hits you.
* * * LOW HITPOINT WARNING * * *
You are splashed with acid!
You die...

#####
######...####################
#..>.......J@..........#..... ###
###.##...#############...###. ..#
##'###### ##....#. #.# ##......#
###.##.#. #.# #.......# #...##.#.
#.###.......# #....#.#.
<...).......# #....#.#.
#..##.......#############......#.
#.............................>..


You could see a jelly.

Vanquished Creatures
  A bullfrog zombie (D:3)
  4 adders (D:2)
  An adder skeleton (D:4)
  2 worms
  A dart slug (D:3)
  An orc (D:2)
  6 ball pythons
  6 endoplasms
  A giant cockroach (D:4)
  6 goblins
  6 hobgoblins
  3 jackals (D:1)
  3 quokkas
  5 bats
  A frilled lizard (D:1)
  4 kobolds
  7 rats
58 creatures vanquished.

Notes
Turn   | Place    | Note
-------+----------+-------------------------------------------
     0 | D:1      | issech the Troll Monk began the quest for the Orb.
     0 | D:1      | Reached XP level 1. HP: 22/22 MP: 0/0
   102 | D:1      | Got the Collected Works on Enchantment and Transformation
   168 | D:1      | Reached XP level 2. HP: 29/29 MP: 1/1
   468 | D:1      | Reached skill level 3 in Maces & Flails
   757 | D:2      | Reached XP level 3. HP: 36/36 MP: 2/2
  1185 | D:2      | Reached XP level 4. HP: 44/44 MP: 3/3
  2090 | D:4      | Noticed Menkaure
  2136 | D:3      | HP: 1/44 [Menkaure (6)]
  2301 | D:4      | Reached skill level 4 in Maces & Flails
  2301 | D:4      | Reached XP level 5. HP: 51/52 MP: 4/4
  2432 | D:3      | Splashed by a jelly's acid

Illustrated notes

Levels and vault maps discovered:
D:1:      evilmike_arrival_fibonacci_small, layout_loops_cross
D:2:      layout_loops_ring
D:3:      layout_basic, corexii_shack
D:4:      minmay_bubble_buster, layout_cave_pods, serial_rivers,
          chequers_serial_rivers_micro_d, chequers_serial_rivers_large_b,
          chequers_serial_rivers_marsh, chequers_serial_rivers_room_b,
          chequers_serial_rivers_micro_a, uniq_duvessa, uniq_menkaure

Skill      XL: |  1  2  3  4 |
---------------+-------------+-----
Maces & Flails | 3 4 |  4.0
Dodging        | 3 |  3.4
Fighting       | |  2.9
Stealth        | |  1.2

Action                   |  1- 3 |  4- 6 || total
-------------------------+-------+-------++-------
Melee: Mace              |   111 |    91 ||   202
       Punch             |       |     2 ||     2
 Stab: Sleeping          |     1 |     1 ||     2
Armor: Robe              |    59 |    12 ||    71
Dodge: Dodged            |    73 |    55 ||   128
